[Event "*** Titled Tuesday Blitz"]
[Site "Chess.com"]
[Date "2020.05.26"]
[Round "2"]
[White "Thipsay"]
[Black "DenLaz"]
[Result "1-0"]
[WhiteElo "2457"]
[BlackElo "2661"]
[TimeControl "180+1"]
[EndTime "10:16:59 PDT"]
[Termination "Thipsay won by resignation"]

1. e4 c5 2. Nf3 e6 3. d4 cxd4 4.
Nxd4 a6 5. Nc3 Nc6 6. Be2 Qc7 7.
O-O Nf6 8. Be3 Bb4 9. Na4 O-O 10. Nxc6 bxc6 11. c4 Be7 12. Nc3 c5 13. f4 d6 14.
Bf3 Bb7 15. Kh1 Nd7 16. Qc2 Bc6 17. Rad1 Rab8 18. b3 a5 19. Be2 Nb6 20. a4 Nd7 21. Nb5 Bxb5 22. axb5 Nb6 23. Bd3 g6 24. f5 Bf6 25.
Bh6 Bg7 26. Bxg7 Kxg7 27. f6+ Kh8 28. Qd2 Rg8 29. Qg5 Nd7 30. Rf3 Qd8 31. Rdf1 d5 32. exd5 exd5 33. Qxd5 Rb6 34. Qxf7 Ne5 35. Qa7 Nxf3 36.
f7 Rf8 37. Rxf3 Rf6 38. Rxf6 Qxf6 39. Qxc5 Rxf7 40. h3 Rd7 41. Be4 Rd1+ 42. Kh2 Qf4+ 43. g3 Rd2+ 44. Bg2 Qf6 45. Qe3 Rd8 46. b6 h5 47. c5 h4 48. Qh6+ Kg8 49. Qxh4 Qe5 50.
Qxd8+ 1-0

[Event "*** Titled Tuesday Blitz"]
[Site "Chess.com"]
[Date "2020.05.26"]
[Round "2"]
[White "GMaka"]
[Black "A-Fier"]
[Result "0-1"]
[WhiteElo "2394"]
[BlackElo "2757"]
[TimeControl "180+1"]
[EndTime "10:16:59 PDT"]
[Termination "A-Fier won by resignation"]

1. d4 Nf6 2. Bg5 Ne4 3. Bf4 g5 4. Be5 f6 5. e3 d5 6. Bg3 h5 7. f3 Nxg3 8. hxg3 Bf5 9. Bd3 Qd7 10.
g4 Bxd3 11. Qxd3 h4 12. Qg6+ Kd8 13. Nc3 Nc6 14. O-O-O Kc8 15. Qf7 b6 16. Qxd5 Qxd5 17. Nxd5 Kb7 18. Nh3 Rd8 19. Nc3 e6 20. d5 exd5 21. Nxd5 Bg7 22. e4 Ne5 23. b3 Rhe8 24. Rd2 Rd6 25. Ne3 Rc6 26. Rhd1 Bf8 27. c4 b5 28. Rc2 Bc5 29. Nd5 bxc4 30. bxc4 Ba3+ 31. Kd2 Nxc4+ 32. Ke2 Ree6 33. Rb1+ Nb6 34. Rxc6 Rxc6 35. Kd3 Kc8 36. Rb3 Bf8 37. Nf2 Nxd5 38. exd5 Ra6 39. Ne4 Rxa2 40. Nxf6 Rxg2 41. Nh7 Be7 42. Ke4 h3 43. Rb1 h2 44. Rh1 Bd6 45. Nxg5 Rg1 46. Rxh2 Bxh2 47. Ne6 a5 48. f4 a4 49. g5 a3 50. Nc5 a2 51. Nb3 0-1

[Event "*** Titled Tuesday Blitz"]
[Site "Chess.com"]
[Date "2020.05.26"]
[Round "2"]
[White "Gareth-Bale11"]
[Black "MFBerna"]
[Result "1-0"]
[WhiteElo "2756"]
[BlackElo "2397"]
[TimeControl "180+1"]
[EndTime "10:16:59 PDT"]
[Termination "Gareth-Bale11 won by resignation"]

1. e4 c6 2. d4 d5 3. exd5 cxd5 4. Bd3 Nc6 5. c3 Nf6 6. h3 g6 7. Nf3 Bg7 8. O-O O-O 9. Re1 Bf5 10. Bf4 Bxd3 11.
Qxd3 Ne4 12. Nbd2 e6 13. Nxe4 dxe4 14. Qxe4 Qb6 15. Re2 Rac8 16. h4 Ne7 17. h5 Nd5 18. Be5 f6 19. Bg3 g5 20. Qxe6+ Qxe6 21. Rxe6 Rfe8 22.
Rae1 Kf7 23. Rd6 Rxe1+ 24. Nxe1 Nb6 25. Nd3 Re8 26. Kf1 Bf8 27. Rxb6 axb6 28. a4 Ke6 29. c4 f5 30. f3 Bg7 31. d5+ Kd7 32. Bf2 Ra8 33. b3 b5 34. axb5 Ra3 35. Ke2 Kc8 36.
d6 Rxb3 37. d7+ Kc7 38. Bb6+ 1-0

[Event "*** Titled Tuesday Blitz"]
[Site "Chess.com"]
[Date "2020.05.26"]
[Round "2"]
[White "realmadridtv"]
[Black "1f3_2g41-0"]
[Result "1-0"]
[WhiteElo "2458"]
[BlackElo "2250"]
[TimeControl "180+1"]
[EndTime "10:16:59 PDT"]
[Termination "realmadridtv won by resignation"]

1. e4 c5 2. Nf3 d6 3. Nc3 Nf6 4. Bc4 Nc6 5. d4 cxd4 6. Nxd4 e5 7. Nde2 Be7 8. O-O Be6 9. Bb3 O-O 10. Bg5 Bxb3 11. axb3 a6 12. Bxf6 Bxf6 13. Nd5 Be7 14. Qd3 Rc8 15. c3 Nb8 16. b4 Nd7 17. Rad1 Rc6 18.
g3 Nb6 19. Nxb6 Qxb6 20. Kg2 a5 21. b5 Rc5 22. c4 Rfc8 23. b3 a4 24. Nc3 axb3 25.
Na4 Qc7 26. Nxc5 Qxc5 27. Qxb3 Qxc4 28. Qb1 Qe6 29. Qd3 g6 30. Rc1 Ra8 31. Rc7 Bd8 32.
Rxb7 Qc8 33. Qd5 Qe6 34. Qxe6 fxe6 35. Rd1 1-0

[Event "*** Titled Tuesday Blitz"]
[Site "Chess.com"]
[Date "2020.05.26"]
[Round "2"]
[White "GrafLermontov"]
[Black "nubair1198"]
[Result "0-1"]
[WhiteElo "2477"]
[BlackElo "2719"]
[TimeControl "180+1"]
[EndTime "10:17:00 PDT"]
[Termination "nubair1198 won by checkmate"]

1. d4 d5 2. c4 c6 3. Nf3 Nf6 4. e3 Bg4 5. Nc3 e6 6. h3 Bh5 7.
g4 Bg6 8. Ne5 Nbd7 9. Nxg6 hxg6 10. cxd5 exd5 11. Bg2 Bb4 12. O-O Nf8 13. a3 Bd6 14. e4 dxe4 15. Nxe4 Nxe4 16. Bxe4 Rxh3 17. Qe2 Ne6 18. Bxg6 Qf6 19. Be4 Qh4 20. f4 Rg3+ 21. Bg2 O-O-O 22. Be3 Rh8 23. Kf2 Rxg4+ 24. Kf3 Rxf4+ 25.
Bxf4 Qxf4# 0-1

[Event "*** Titled Tuesday Blitz"]
[Site "Chess.com"]
[Date "2020.05.26"]
[Round "2"]
[White "adriangschnitzer"]
[Black "Zmeeed63"]
[Result "0-1"]
[WhiteElo "2422"]
[BlackElo "2224"]
[TimeControl "180+1"]
[EndTime "10:17:01 PDT"]
[Termination "Zmeeed63 won on time"]

1. e4 Nc6 2. Nf3 d6 3. h3 Nf6 4. Nc3 g6 5. d4 Bg7 6. Bc4 O-O 7. O-O e5 8. dxe5 dxe5 9. Qxd8 Rxd8 10. Bg5 h6 11.
Bxf6 Bxf6 12. Nd5 Bg7 13. Nxc7 Rb8 14. Rad1 Nd4 15. Kh2 Nxf3+ 16. gxf3 Rd4 17. b3 Bd7 18. c3 Rxd1 19. Rxd1 Bc6 20. Bd5 Rc8 21. Bxc6 Rxc7 22. Bd5 Rxc3 23. Bxb7 Rxf3 24. Kg2 Rc3 25. Rd7 f5 26.
Bd5+ Kh7 27. exf5 gxf5 28. Rxa7 e4 29. a4 Rc2 30. Kg3 Kg6 31. a5 Be5+ 32. Kg2 Rxf2+ 0-1

[Event "*** Titled Tuesday Blitz"]
[Site "Chess.com"]
[Date "2020.05.26"]
[Round "2"]
[White "Chessmatus"]
[Black "Pultis"]
[Result "0-1"]
[WhiteElo "2477"]
[BlackElo "2721"]
[TimeControl "180+1"]
[EndTime "10:17:02 PDT"]
[Termination "Pultis won by resignation"]

1. e4 e5 2. Nf3 Nc6 3. Bb5 a6 4.
Ba4 Nf6 5. O-O Be7 6. Re1 b5 7. Bb3 d6 8. c3 O-O 9. h3 Na5 10. Bc2 c5 11. d4 Nd7 12. Nbd2 exd4 13. cxd4 Nc6 14. d5 Nce5 15. a4 Rb8 16. Nxe5 Nxe5 17. f4 Ng6 18. Nf3 f5 19. e5 Bb7 20. axb5 axb5 21.
Ra7 Qb6 22. Ra3 Rbd8 23. Rd3 c4+ 24. Be3 Qc7 25. Rd2 dxe5 26. fxe5 Nxe5 27. Nxe5 Qxe5 28. Bb6 Qf6 29. Bxd8 Bc5+ 30. Kh1 Rxd8 31. Re6 Qg5 32. Qe2 Kf8 33. d6 Qg3 34. Be4 Bxe4 35. Rxe4 fxe4 36. Qxe4 Bxd6 37. Qf5+ Kg8 38. Qe6+ Kh8 0-1

[Event "*** Titled Tuesday Blitz"]
[Site "Chess.com"]
[Date "2020.05.26"]
[Round "2"]
[White "thedjoker98"]
[Black "Spartakus1975"]
[Result "1-0"]
[WhiteElo "2482"]
[BlackElo "2680"]
[TimeControl "180+1"]
[EndTime "10:17:02 PDT"]
[Termination "thedjoker98 won by resignation"]

1. d4 d5 2. c4 c6 3. cxd5 cxd5 4. Bf4 Nf6 5. Nc3 Nc6 6. e3 Bg4 7. f3 Bd7 8. g4 e6 9. h4 Qb6 10. Qd2 Bb4 11. Bd3 Rc8 12. h5 h6 13. Nge2 Na5 14.
Be5 Nc4 15. Bxc4 Rxc4 16. Kf2 Be7 17. Rag1 Kd8 18. Nf4 Bb4 19. g5 Ne8 20. gxh6 Rxh6 21. Bxg7 Nxg7 22. Rxg7 Bd6 23. Nd3 Qc7 24. Rxf7 Bg3+ 25.
Ke2 Qd6 26. e4 Rh8 27. e5 Qb6 28. Qg5+ Kc8 29. Qxg3 Be8 30. Qg7 Bxf7 31. Qxh8+ Kd7 32. Qf8 Be8 33. Qd6+ Qxd6 34. exd6 Kxd6 35. h6 Bg6 36. Ne5 1-0

[Event "*** Titled Tuesday Blitz"]
[Site "Chess.com"]
[Date "2020.05.26"]
[Round "2"]
[White "GoltsevDmitry2000"]
[Black "Grandmaster2B"]
[Result "1-0"]
[WhiteElo "2679"]
[BlackElo "2427"]
[TimeControl "180+1"]
[EndTime "10:17:02 PDT"]
[Termination "GoltsevDmitry2000 won by resignation"]

1. e4 c5 2. Nf3 d6 3. d4 cxd4 4. Nxd4 Nf6 5. Nc3 a6 6. Be2 e5 7. Nb3 Be6 8. a4 Be7 9. O-O O-O 10. f4 Qc7 11. Be3 Nbd7 12. f5 Bc4 13. Bxc4 Qxc4 14. Qd3 Rac8 15. h3 Qb4 16. g4 Rxc3 17. Qxc3 Qxc3 18.
bxc3 Nxe4 19. c4 Rc8 20. Rab1 Rxc4 21. Na5 Rxa4 22. Rxb7 Rxa5 23. Rxd7 Bf8 24. Rb1 Rb5 25. Rxb5 axb5 26. Rb7 d5 27. Rxb5 Nc3 28. Rb8 d4 29. Bd2 f6 30. Bxc3 dxc3 31. Rc8 Kf7 32. Rxc3 Bd6 33.
Rc6 Ke7 34. Kg2 Kd7 35. Ra6 e4 36. Ra4 e3 37. Kf3 Bc5 38. Ra8 Ke7 39. Rg8 Kf7 40. Rc8 Bb6 41. Rc6 Bd4 42. c3 Be5 43. Kxe3 Ke7 44. c4 Kd7 45. Ra6 Kc7 46. Ra7+ Kc6 47. Rxg7 Kc5 48. Kd3 1-0

[Event "*** Titled Tuesday Blitz"]
[Site "Chess.com"]
[Date "2020.05.26"]
[Round "2"]
[White "BlackWidow515"]
[Black "atwalcb"]
[Result "0-1"]
[WhiteElo "2125"]
[BlackElo "2404"]
[TimeControl "180+1"]
[EndTime "10:17:02 PDT"]
[Termination "atwalcb won by checkmate"]

1. Nf3 d6 2. g3 Nf6 3. Bg2 e5 4. d4 Nbd7 5. dxe5 dxe5 6. Nc3 Bb4 7. O-O Bxc3 8. bxc3 O-O 9. Ba3 Re8 10. Qd2 c6 11. Rfd1 Qa5 12. Bb4 Qa4 13. Qd6 c5 14.
Bxc5 Ne4 15. Qc7 Nexc5 16. Ng5 h6 17. Nf3 Qc6 18. Qa5 Qb6 19. Qa3 Nf6 20. Rab1 Qc7 21. Rb5 Nce4 22. c4 a6 23. Ra5 Bd7 24. c5 Bc6 25. Nh4 Ng5 26. Bxc6 Qxc6 27. Rd6 Nh3+ 28. Kf1 Qh1# 0-1

[Event "*** Titled Tuesday Blitz"]
[Site "Chess.com"]
[Date "2020.05.26"]
[Round "2"]
[White "slowdgehammer"]
[Black "HunterBRR"]
[Result "1-0"]
[WhiteElo "2343"]
[BlackElo "1949"]
[TimeControl "180+1"]
[EndTime "10:17:02 PDT"]
[Termination "slowdgehammer won on time"]

1. e4 c5 2. Nf3 Nc6 3. Bb5 g6 4. O-O Bg7 5. c3 Nf6 6. Re1 O-O 7. h3 d6 8. d4 cxd4 9. cxd4 a6 10. Bf1 b5 11. a3 Bb7 12. Nc3 Rc8 13. Bg5 Na5 14. Nd2 Nd7 15. Be3 e5 16. d5 f5 17.
f3 f4 18. Bf2 g5 19. Rc1 h5 20. b4 Nc4 21. Nxc4 bxc4 22. Na4 Nf6 23. Nb6 Rb8 24. Be2 Rf7 25. Rxc4 Bf8 26. Qd2 Rg7 27. Kf1 g4 28.
hxg4 hxg4 29. Rec1 Qe8 30. Rc7 Be7 31. Qd3 Qh5 32.
Ke1 gxf3 33. gxf3 Qh1+ 34. Kd2 Qh2 35. Bc5 dxc5 36. d6 Bxd6 37. Qxd6 Rxc7 38. Qxc7 Rf8 39. Qxb7 Qf2 40. Rc3 1-0

[Event "*** Titled Tuesday Blitz"]
[Site "Chess.com"]
[Date "2020.05.26"]
[Round "2"]
[White "Sibelephant"]
[Black "albi1999"]
[Result "1-0"]
[WhiteElo "3172"]
[BlackElo "2605"]
[TimeControl "180+1"]
[EndTime "10:17:03 PDT"]
[Termination "Sibelephant won by resignation"]

1. c4 e5 2. Nc3 Bb4 3. Qb3 Nc6 4.
Nd5 Bc5 5. Qg3 Bf8 6. e3 Nf6 7.
a3 d6 8. Ne2 Nxd5 9. cxd5 Na5 10. b4 Nb3 11. Rb1 Nxc1 12. Rxc1 Bd7 13. Nc3 a6 14. h4 h5 15. Bd3 g6 16. Ne4 Be7 17. f4 exf4 18. Qxf4 Bf5 19. Nf2 Bxd3 20. Nxd3 Qd7 21.
O-O Rf8 22. a4 O-O-O 23. Qc4 Kb8 24. b5 a5 25. Ne1 Rc8 26. Nf3 Qg4 27. Qb3 Bxh4 28.
Rc4 1-0

[Event "*** Titled Tuesday Blitz"]
[Site "Chess.com"]
[Date "2020.05.26"]
[Round "2"]
[White "gmjoey1"]
[Black "GeorgMeier"]
[Result "1/2-1/2"]
[WhiteElo "2597"]
[BlackElo "2977"]
[TimeControl "180+1"]
[EndTime "10:17:03 PDT"]
[Termination "Game drawn by repetition"]

1. e4 e6 2. d4 d5 3. Nc3 dxe4 4. Nxe4 Nd7 5. Nf3 Ngf6 6. Nxf6+ Nxf6 7. Be3 Bd6 8. c3 O-O 9. Bd3 b6 10. Qc2 Bb7 11. O-O-O c5 12. dxc5 bxc5 13. Bg5 h6 14. Bxf6 Bf4+ 15. Kb1 Qxf6 16. Bh7+ Kh8 17. Be4 Bxe4 18.
Qxe4 Rad8 19. Kc2 g5 20. h3 Kg7 21. Rxd8 Rxd8 22. Rd1 Rxd1 23. Kxd1 h5 24. Kc2 g4 25. hxg4 hxg4 26. Ne1 Qg5 27. Nd3 Bd6 28. b4 cxb4 29.
Qd4+ Qf6 30. Qxd6 Qxc3+ 31. Kb1 b3 32. Qe5+ Qxe5 33. Nxe5 bxa2+ 34. Kxa2 f5 35. Kb3 Kf6 36. Nc6 e5 37. Kc4 a6 38. Kd5 e4 39. Kd4 g3 40.
fxg3 Kg5 41. Ne5 a5 42. Ke3 a4 43. Nc4 Kg4 44. Kf2 Kg5 45. Na3 Kg4 46. Nc2 Kg5 47.
Na3 Kg4 48. Nb5 Kg5 49. Na3 1/2-1/2

[Event "*** Titled Tuesday Blitz"]
[Site "Chess.com"]
[Date "2020.05.26"]
[Round "2"]
[White "Kirill_Klukin"]
[Black "ElliPaehtz"]
[Result "0-1"]
[WhiteElo "2695"]
[BlackElo "2491"]
[TimeControl "180+1"]
[EndTime "10:17:03 PDT"]
[Termination "ElliPaehtz won by resignation"]

1. c4 b6 2. Nc3 Bb7 3. Nf3 e6 4. g3 Bxf3 5. exf3 c5 6. Bg2 Nc6 7. O-O g6 8. b3 Bg7 9. Bb2 Nge7 10. f4 O-O 11. Rb1 Nd4 12. d3 Rc8 13. a3 Nec6 14. Re1 d6 15. Ne4 Qd7 16. h4 f5 17.
Nd2 Rce8 18. b4 Qf7 19. Bc3 Bf6 20. Qa4 Qc7 21. Kh1 Kg7 22. Re3 Re7 23. Rbe1 Rfe8 24.
Qd1 a5 25. bxa5 Nxa5 26. Nf3 Nac6 27. Ng5 h6 28. Bxc6 Qxc6+ 29. Kg1 hxg5 30. hxg5 Ne2+ 31.
Qxe2 Bxc3 32. Rb1 Bd4 33. Rf3 Rh8 34. Kg2 e5 35. fxe5 Rxe5 36. Qd2 Re7 37. a4 Rh2+ 38. Kxh2 Qxf3 0-1

[Event "*** Titled Tuesday Blitz"]
[Site "Chess.com"]
[Date "2020.05.26"]
[Round "2"]
[White "Bubachess1608"]
[Black "jacky72"]
[Result "0-1"]
[WhiteElo "2300"]
[BlackElo "2641"]
[TimeControl "180+1"]
[EndTime "10:17:03 PDT"]
[Termination "jacky72 won on time"]

1. e4 e5 2. Bc4 Nc6 3. Nf3 Bc5 4. d3 Nf6 5. O-O d6 6. Bb3 h6 7. c3 a6 8. Re1 Ba7 9. h3 g5 10.
d4 g4 11. hxg4 Bxg4 12. Qd3 Rg8 13. Kf1 Qe7 14. Nbd2 O-O-O 15. d5 Nb8 16. Bd1 Nh5 17. Nc4 Qf6 18. b4 Rg6 19. a4 Rdg8 20. b5 Nf4 21. Bxf4 Qxf4 22. b6 Bxb6 23. Nxb6+ cxb6 24. Rb1 Nd7 25. a5 bxa5 26. Nh4 Be2+ 27. Kxe2 Qxh4 28. g3 Qg5 29.
Bb3 Rf6 30. Rf1 Qg4+ 31. Kd2 Nc5 32. Qe3 Qxe4 33. Bc2 Qxd5+ 34. Kc1 Rf3 35. Qxh6 Rxc3 36. Rd1 Nd3+ 37. Rxd3 Qxd3 38. Qd2 Qxd2+ 39. Kxd2 Rc5 40. Be4 b5 0-1

[Event "*** Titled Tuesday Blitz"]
[Site "Chess.com"]
[Date "2020.05.26"]
[Round "2"]
[White "gmelviro"]
[Black "Art10ECHR"]
[Result "0-1"]
[WhiteElo "2077"]
[BlackElo "2385"]
[TimeControl "180+1"]
[EndTime "10:17:03 PDT"]
[Termination "Art10ECHR won on time"]

1. c4 c5 2. g3 Nc6 3. Bg2 g6 4.
Nc3 Bg7 5. e3 Nf6 6. Nge2 O-O 7.
O-O d6 8. d4 Rb8 9. b3 a6 10.
Bb2 e5 11. dxc5 dxc5 12. Bxc6 bxc6 13. Qxd8 Rxd8 14. Rfd1 Bg4 15. Kg2 e4 16. h3 Bf3+ 17. Kf1 Rd3 18. Rxd3 exd3 19. Ng1 Bh1 20. Rd1 Rd8 21.
f3 h5 22. Kf2 g5 23. Na4 g4 24. hxg4 hxg4 25. Bxf6 Bxf6 26. Rd2 gxf3 27. Nxf3 Kg7 28. Rd1 Bxf3 29. Kxf3 Be7 30. e4 Kg6 31. Ke3 Bg5+ 32.
Kf3 d2 33. Nxc5 Rh8 34. Nd3 Rh2 35. Nf2 a5 36. Nd3 Rh8 37. Nf2 a4 0-1

[Event "*** Titled Tuesday Blitz"]
[Site "Chess.com"]
[Date "2020.05.26"]
[Round "2"]
[White "SirMittensofMittensville"]
[Black "latixxa"]
[Result "1-0"]
[WhiteElo "2614"]
[BlackElo "2117"]
[TimeControl "180+1"]
[EndTime "10:17:04 PDT"]
[Termination "SirMittensofMittensville won by resignation"]

1. e4 e5 2. Nf3 Nc6 3. Bc4 Bc5 4. d3 Nf6 5. c3 d6 6. Bb3 a6 7. Nbd2 O-O 8. O-O Ne7 9. d4 exd4 10. cxd4 Bb6 11. e5 dxe5 12. dxe5 Nfd5 13. Nc4 Bc5 14. Bg5 h6 15. Bh4 Be6 16. Rc1 b5 17. Na5 Bb6 18. Bxd5 Bxd5 19. Bxe7 Bxf3 20. Qxd8 Rfxd8 21. Bxd8 Rxd8 22. gxf3 Bxa5 23. Rfd1 Re8 24. f4 Bb6 25. Kg2 g5 26.
Kf3 gxf4 27. Kxf4 Re7 28. Rd8+ Kh7 29. Rc6 Bxf2 30. Rxa6 Bg1 31. Rd2 Bb6 32. Kf5 Kg7 33. Rg2+ Kh7 34. Ra8 Bd4 35. Re2 c5 36. a3 c4 37. Rb8 c3 38. bxc3 Bxc3 39. Rxb5 f6 40.
Kxf6 1-0

[Event "*** Titled Tuesday Blitz"]
[Site "Chess.com"]
[Date "2020.05.26"]
[Round "2"]
[White "NicoChasin"]
[Black "Roenko_Artur"]
[Result "0-1"]
[WhiteElo "2531"]
[BlackElo "2302"]
[TimeControl "180+1"]
[EndTime "10:17:04 PDT"]
[Termination "Roenko_Artur won by checkmate"]

1. d4 d5 2. c4 e6 3. Nc3 c6 4. e4 dxe4 5. Nxe4 Bb4+ 6. Bd2 Qxd4 7. Bxb4 Qxe4+ 8. Be2 Na6 9. Ba3 Nf6 10. Qd6 c5 11. O-O-O Bd7 12. Bf3 Qxc4+ 13. Kb1 Nb4 14. Ne2 Qxa2+ 15.
Kc1 Qc4+ 16. Nc3 Na2+ 17. Kb1 Nxc3+ 18. bxc3 Qb3+ 19. Bb2 Qb6 20. Qxb6 axb6 21. Bxb7 Ra7 22. Bf3 O-O 23. c4 Ba4 24. Rd6 Rb8 25. Be5 Bb3 26.
Rxe6 fxe6 27. Bxb8 Rd7 28. Rc1 Rd4 29. Kb2 Bxc4 30.
Be5 Rh4 31. Rd1 Bd5 32. Bxf6 gxf6 33. Bxd5 exd5 34. Rxd5 Rxh2 35. Rd8+ Kg7 36. Rd7+ Kg6 37. Rd6 Rxg2 38. Rxb6 Rxf2+ 39. Kc3 Rf5 40. Kd3 h5 41. Ke4 h4 42. Rb8 Rg5 43. Rg8+ Kh5 44. Rh8+ Kg4 45. Rf8 f5+ 46. Ke5 h3 47. Rh8 Kg3 48. Kf6 Rg4 49.
Kxf5 Rh4 50. Rg8+ Kf2 51. Ra8 h2 52. Ra2+ Kg3 53. Ra3+ Kf2 54. Ra2+ Ke3 55. Ra3+ Kd2 56. Ra2+ Kc3 57. Ra5 h1=Q 58. Rxc5+ Kb4 59. Rc3 Kxc3 60.
Kg5 Qg2+ 61. Kf5 Kd3 62. Ke5 Re4+ 63. Kd5 Qg5+ 64. Kd6 Rf4 65. Kd7 Rf6 66. Kd8 Qg7 67.
Ke8 Rf8# 0-1

[Event "*** Titled Tuesday Blitz"]
[Site "Chess.com"]
[Date "2020.05.26"]
[Round "2"]
[White "Nathan_Filgueiras"]
[Black "NefeLV"]
[Result "1-0"]
[WhiteElo "2321"]
[BlackElo "1790"]
[TimeControl "180+1"]
[EndTime "10:17:05 PDT"]
[Termination "Nathan_Filgueiras won on time"]

1. e4 e6 2. d4 d5 3. Nd2 Nf6 4. e5 Nfd7 5. Bd3 c5 6. c3 Nc6 7. Ne2 cxd4 8. cxd4 Qb6 9. Nf3 f6 10. exf6 Nxf6 11. O-O Bd6 12. Bf4 Bxf4 13. Nxf4 O-O 14. Rb1 Bd7 15. Re1 Rae8 16. b4 g6 17. Bc2 Ng4 18. Ne2 Qc7 19. Ng3 Rf4 20. h3 Nh6 21. b5 Ne7 22. Ne5 Ref8 23. f3 Bc8 24. Qd2 Qb6 25. Ne2 Nhf5 26. Qxf4 1-0

[Event "*** Titled Tuesday Blitz"]
[Site "Chess.com"]
[Date "2020.05.26"]
[Round "2"]
[White "DishonorOnYourCow"]
[Black "Kate1606"]
[Result "1-0"]
[WhiteElo "2317"]
[BlackElo "1525"]
[TimeControl "180+1"]
[EndTime "10:17:05 PDT"]
[Termination "DishonorOnYourCow won by checkmate"]

1. d4 Nf6 2. c4 e6 3. Nf3 Bb4+ 4. Nbd2 d5 5. e3 c5 6. a3 Bxd2+ 7. Bxd2 cxd4 8. exd4 dxc4 9. Bxc4 Nc6 10. Bg5 h6 11. Bh4 O-O 12. O-O a6 13. Ba2 b5 14. Rc1 Bb7 15. Bb1 Rc8 16. Qd3 g6 17. Qe3 Kg7 18. Ne5 Qxd4 19. Nxc6 Qxh4 20. Ne5 Rxc1 21. Rxc1 Qg5 22.
Qxg5 hxg5 23. Rc7 Be4 24. Ba2 Bd5 25. Bb1 Be4 26. Bxe4 Nxe4 27. f3 Nf6 28. Ra7 Nd5 29.
Rxa6 f6 30. Ra7+ Kh6 31. Ng4+ Kh5 32. Rh7# 1-0

[Event "*** Titled Tuesday Blitz"]
[Site "Chess.com"]
[Date "2020.05.26"]
[Round "2"]
[White "Ariadna_Atreides"]
[Black "InitiatingASC"]
[Result "0-1"]
[WhiteElo "2065"]
[BlackElo "2383"]
[TimeControl "180+1"]
[EndTime "10:17:06 PDT"]
[Termination "InitiatingASC won on time"]

1. d4 Nf6 2. Nf3 e6 3. e3 c5 4.
Bd3 cxd4 5. exd4 Be7 6. O-O b6 7. b3 Bb7 8. Bb2 O-O 9. Nbd2 d6 10. Qe2 Nbd7 11. Rfe1 Qc7 12. c4 Rac8 13. Rac1 Qb8 14. d5 e5 15. Bb1 Rfe8 16. Ne4 Nxe4 17. Qxe4 Nf8 18. Rcd1 g6 19. Bc1 f5 20. Qe2 Bf6 21. Ng5 h6 22. Nh3 Bg7 23. f4 Nd7 24. fxe5 Rxe5 25. Qc2 Rce8 26. Rxe5 dxe5 27. d6 Re6 28.
b4 Rxd6 29. c5 bxc5 30. bxc5 Rxd1+ 31. Qxd1 Nxc5 32. Be3 Ne4 33. a3 Kh7 34. Qb3 Qc7 35. Nf2 Nxf2 0-1

[Event "*** Titled Tuesday Blitz"]
[Site "Chess.com"]
[Date "2020.05.26"]
[Round "2"]
[White "dennisodessa"]
[Black "ehrenfeld"]
[Result "0-1"]
[WhiteElo "2230"]
[BlackElo "2447"]
[TimeControl "180+1"]
[EndTime "10:17:07 PDT"]
[Termination "ehrenfeld won by checkmate"]

1. d4 f5 2. c4 Nf6 3. Nf3 g6 4. g3 Bg7 5. Bg2 O-O 6. O-O d6 7. Nc3 c6 8. Re1 Na6 9. Bf4 Nh5 10. Bd2 e5 11. Bg5 Qe8 12. dxe5 dxe5 13. Qd6 e4 14. Nd4 Be5 15. Qe7 Bxd4 16. Red1 Bf6 17. Bxf6 Nxf6 18. Qa3 Be6 19. Rd6 Qe7 20. Rad1 Ne8 21. R6d2 Qxa3 22. bxa3 Nc5 23. f3 Nf6 24. fxe4 Nfxe4 25. Nxe4 Nxe4 26. Bxe4 fxe4 27. c5 Bh3 28. Rd4 Rf7 29. Rxe4 Raf8 30. Rf4 Rxf4 31. gxf4 Rxf4 32. e3 Rf3 33. Re1 Kf7 34. a4 Ke6 35. a5 Ke5 36. Rb1 Kd5 37. Rxb7 Rf1# 0-1

[Event "*** Titled Tuesday Blitz"]
[Site "Chess.com"]
[Date "2020.05.26"]
[Round "2"]
[White "atalz0"]
[Black "Franciscoconstantino"]
[Result "1-0"]
[WhiteElo "2318"]
[BlackElo "1607"]
[TimeControl "180+1"]
[EndTime "10:17:10 PDT"]
[Termination "atalz0 won on time"]

1. d4 Nf6 2. c4 g6 3. f3 Bg7 4. e4 d6 5. Nc3 O-O 6. Be3 e5 7. d5 Nbd7 8. Qd2 Re8 9. O-O-O a5 10. Nge2 Nc5 11. Kb1 Nfd7 12. g4 Rb8 13. Ng3 Nb6 14.
h4 Bd7 15. h5 Nba4 16. Nxa4 Nxa4 17. hxg6 hxg6 18. Qh2 Qf6 19. Be2 b5 20. Qh7+ Kf8 21. Bh6 bxc4 22. Qh8+ Ke7 23. Qxg7 Qxg7 24. Bxg7 Rxb2+ 25. Ka1 c3 26. Bd3 Nc5 27. g5 Ba4 28. Bc4 Bxd1 29.
Rxd1 Rd2 30. Rc1 c2 31. Bf6+ 1-0

[Event "*** Titled Tuesday Blitz"]
[Site "Chess.com"]
[Date "2020.05.26"]
[Round "2"]
[White "larisakalinina"]
[Black "Everyfishknows"]
[Result "0-1"]
[WhiteElo "1959"]
[BlackElo "2343"]
[TimeControl "180+1"]
[EndTime "10:17:11 PDT"]
[Termination "Everyfishknows won by resignation"]

1. e4 e5 2. Nf3 Nc6 3. d4 exd4 4. Nxd4 Bb4+ 5. c3 Bc5 6. Be3 Bb6 7. g3 Nf6 8. Bg2 O-O 9. O-O Re8 10. Nd2 d5 11.
Nxc6 bxc6 12. Bxb6 axb6 13. exd5 cxd5 14. Nf3 Bb7 15.
Nd4 c5 16. Nf5 Qd7 17. Qc2 g6 18. Ne3 d4 19. cxd4 cxd4 20. Rfd1 Bxg2 21. Nxg2 Rac8 22.
Qd3 Red8 23. Nf4 Qc6 24. Rac1 Qxc1 25. Rxc1 Rxc1+ 26. Kg2 Rcc8 27. Qf3 Kg7 28. Nd3 Nd7 29. g4 Nc5 30. Ne5 Rc7 31. Nd3 Nxd3 32. Qxd3 b5 33. h4 h6 34. g5 hxg5 35. hxg5 Rc5 36. f4 Rf5 37. Kg3 Rc5 38. Kg4 Rc7 39. Kf3 Re7 40. Kg4 Re3 41. Qxb5 d3 42. Qb4 d2 43. Qc5 d1=Q+ 0-1

[Event "*** Titled Tuesday Blitz"]
[Site "Chess.com"]
[Date "2020.05.26"]
[Round "2"]
[White "CookiesAndIceCream"]
[Black "chesstatour"]
[Result "1-0"]
[WhiteElo "2328"]
[BlackElo "1917"]
[TimeControl "180+1"]
[EndTime "10:17:11 PDT"]
[Termination "CookiesAndIceCream won on time"]

1. e4 c6 2. d4 d5 3. e5 c5 4. c4 cxd4 5. Nf3 dxc4 6. Nxd4 Nc6 7. Nxc6 Qxd1+ 8. Kxd1 bxc6 9. Bxc4 Bf5 10. Nc3 e6 11. Ke2 Ne7 12. Bd2 Rb8 13. Bb3 Nd5 14. Rac1 Be7 15.
Na4 Nb4 16. Nc5 Bxc5 17. Rxc5 Nd3 18. Rxc6 Nxe5 19. Rc5 Nd7 20. Ba4 Ke7 21. Rc7 e5 22. Bc3 f6 23. Rd1 Rhd8 24. Rxa7 g5 25. b3 h5 26. Ba5 1-0

[Event "*** Titled Tuesday Blitz"]
[Site "Chess.com"]
[Date "2020.05.26"]
[Round "2"]
[White "Playgood28"]
[Black "Rodalquilar"]
[Result "0-1"]
[WhiteElo "2301"]
[BlackElo "2630"]
[TimeControl "180+1"]
[EndTime "10:17:12 PDT"]
[Termination "Rodalquilar won on time"]

1. d4 d5 2. c4 dxc4 3. e4 e5 4. Nf3 exd4 5. Bxc4 Nc6 6. O-O Be6 7. Bxe6 fxe6 8.
Qb3 Qd7 9. Qxb7 Rb8 10. Qa6 Nf6 11. Nbd2 Bb4 12. e5 Nd5 13. Ne4 O-O 14. a3 Be7 15. b4 Rxf3 16. gxf3 Nxe5 17. Qe2 Rf8 18. f4 d3 19. Qh5 Rf5 20. Qh3 Nxf4 21. Bxf4 Rxf4 22. f3 Nc4 23. Kh1 Ne3 24. Rg1 Nf5 25. Rad1 Qd4 26.
Rd2 Bd6 27. Rgd1 Rh4 28. Qxh4 Nxh4 29. Rxd3 Qb2 30. R1d2 Qc1+ 31. Rd1 Qf4 32. R1d2 Nxf3 33.
Rf2 Qxe4 34. Rdxf3 Be5 0-1

[Event "*** Titled Tuesday Blitz"]
[Site "Chess.com"]
[Date "2020.05.26"]
[Round "2"]
[White "Gahan-MG"]
[Black "MNyuyu"]
[Result "1/2-1/2"]
[WhiteElo "2580"]
[BlackElo "2298"]
[TimeControl "180+1"]
[EndTime "10:17:13 PDT"]
[Termination "Game drawn - insufficient material"]

1. e4 d5 2. exd5 Qxd5 3. Nc3 Qd8 4. Bc4 c6 5. Qf3 Nf6 6. h3 e6 7. Nge2 Be7 8. d4 O-O 9. O-O b5 10. Bb3 Bb7 11. Nxb5 Nbd7 12. Nbc3 Rc8 13. Bf4 Ba8 14. Qd3 c5 15. dxc5 Nxc5 16. Qxd8 Rfxd8 17. Rfd1 h6 18. Rxd8+ Rxd8 19. Rd1 Rxd1+ 20. Nxd1 Nxb3 21. axb3 Be4 22. Ne3 Bc5 23. c3 Bc2 24. b4 Bxe3 25. Bxe3 a6 26. Nd4 Bd3 27. Nc6 Kf8 28. Bc5+ Ke8 29. f3 Bb5 30. Nd4 Bc4 31. Kf2 Nd5 32.
b3 Bd3 33. c4 Nf6 34. Nc6 Nd7 35. Bd4 f6 36. g4 Bc2 37. Na5 e5 38. Bc3 Nb6 39.
Ke3 Kd7 40. h4 Ke6 41. f4 exf4+ 42. Kxf4 Nd7 43. Ke3 g5 44. hxg5 hxg5 45. c5 Bd1 46. Bd4 Bxg4 47. Nb7 Nb8 48. Nd8+ Kd7 49. Bxf6 Bd1 50.
Bxg5 Bxb3 51. Kd3 Nc6 52. Nb7 Nxb4+ 53. Kc3 Bd5 54. Nd6 a5 55. Nb5 Kc6 56. Nd4+ Kxc5 57.
Be7+ Kb6 58. Bxb4 axb4+ 59. Kxb4 1/2-1/2